 Dungeon Crawl Stone Soup version 0.28-a0-1235-g7c8fac35f0 (webtiles) character file.

Game seed: 4970155515873060618

10006 Gwenloh the Geomancer (level 11, -3/63 HPs)
             Began as a Gargoyle Earth Elementalist on Dec 24, 2021.
             Was an Initiate of Gozag.
             Slain by a troll simulacrum (8 damage)
             ... on level 1 of the Lair of Beasts.
             The game lasted 00:35:13 (15618 turns).

Gwenloh the Geomancer (GrEE)                       Turns: 15618, Time: 00:35:32

Health: -3/63      AC: 11    Str: 22    XL:     11   Next: 55%
Magic:  23/23      EV: 11    Int: 21    God:    Gozag
Gold:   899        SH:  0    Dex: 10    Spells: 17/27 levels left

rFire   . . .      SeeInvis .   a - +12 whip of the Orange Skies {pain, rN+++ Will- Str+5}
rCold   . . .      Faith    .   (no shield)
rNeg    + + +      Spirit   .   D - +0 robe
rPois   ∞          Reflect  .   J - +1 hat {Will+}
rElec   +          Harm     .   (no cloak)
rCorr   .          Rampage  .   (no gloves)
Will    .....                   (no boots)
Stlth   ++........              (no amulet)
HPRegen 0.20/turn               K - ring of wizardry
MPRegen 0.18/turn               Q - +6 ring of strength

@: no status effects
A: sickness immunity, AC +8, negative energy resistance 1, electricity
resistance, torment resistance 1, petrification resistance
a: Renounce Religion, Potion Petition, Call Merchant, Bribe Branch


You were on level 1 of the Lair of Beasts.
You worshipped Gozag.
Gozag was pleased with you.
You visited 3 branches of the dungeon, and saw 10 of its levels.

You collected 1023 gold pieces.
You paid 124 gold pieces to Gozag.

Inventory:

Hand Weapons
 a - the +12 whip of the Orange Skies (weapon) {pain, rN+++ Will- Str+5}
   (You found it on level 5 of the Dungeon)

   In the hands of one skilled in necromantic magic, it inflicts extra damage on
   living creatures.
   Str:       It affects your strength (+5).
   rN:        It renders you almost immune to negative energy.
   Will:      It decreases your willpower.
 b - a +0 longbow
 d - a +0 dagger
 g - a +0 rapier
 v - a +1 whip of electrocution
 F - a +0 hand crossbow
Missiles
 c - 293 stones
 p - 107 sling bullets
 E - 86 arrows
 G - 17 bolts
Armour
 D - a +0 robe (worn)
 J - a +1 hat of willpower (worn)
Jewellery
 K - a ring of wizardry (left hand)
 N - a ring of resist corrosion
 Q - a +6 ring of strength (right hand)
Wands
 y - a wand of iceblast (14)
 O - a wand of flame (7)
 P - a wand of digging (5)
Scrolls
 f - a scroll of enchant weapon
 i - 2 scrolls of enchant armour
 j - a scroll of blinking
 k - a scroll of fog
 o - 2 scrolls of immolation
 q - a scroll of magic mapping
 s - a scroll of teleportation
 t - a scroll of fear
 w - a scroll of summoning
 A - a scroll of holy word {unknown}
 H - a scroll of amnesia {unknown}
 I - a scroll of noise {unknown}
 M - a scroll of vulnerability {unknown}
 R - a scroll of acquirement {unknown}
Potions
 e - 4 potions of curing {unknown}
 h - 4 potions of haste {unknown}
 l - a potion of magic {unknown}
 m - a potion of might {unknown}
 n - a potion of resistance {unknown}
 r - a potion of cancellation {unknown}
 u - a potion of degeneration {unknown}
 z - 2 potions of lignification {unknown}
 B - 2 potions of heal wounds {unknown}
 C - a potion of ambrosia {unknown}
 L - 2 potions of attraction {unknown}


   Skills:
 + Level 5.1 Fighting
 + Level 5.1 Armour
 - Level 1.5 Dodging
 - Level 2.1 Stealth
 + Level 8.6 Spellcasting
 - Level 7.9 Conjurations
 - Level 0.7 Transmutations
 + Level 14.2 Earth Magic


You had 17 spell levels left.
You knew the following spells:

 Your Spells              Type           Power      Damage    Failure   Level
a - Sandblast             Erth           100%       2d20      0%          1
b - Stone Arrow           Conj/Erth      100%       3d13      1%          3
c - Passwall              Tmut/Erth      33%        N/A       1%          2
d - Petrify               Tmut/Erth      40%        N/A       1%          4

Your spell library contained the following spells:

 Spells                   Type           Power      Damage    Failure   Level
 Leda's Liquefaction      Hex/Erth       19%        N/A       1%          4
 Call Canine Familiar     Summ           9%         N/A       9%          3
 Portal Projectile        Hex/Tloc       18%        N/A       9%          3
 Summon Forest            Summ/Tloc      4%         N/A       58%         5
 Eringya's Noxious Bog    Tmut/Pois      5%         N/A       98%         6
 Summon Hydra             Summ           4%         N/A       100%        7


Dungeon Overview and Level Annotations

Branches:
Dungeon (8/15)             Temple (1/1) D:7            Lair (1/6) D:8

Altars:
Ashenzari
Cheibriados
Dithmenos
Elyvilon
Fedhas
Gozag
Hepliaklqana
Kikubaaqudgha
Makhleb
Nemelex Xobeh
Okawaru
Qazlal
Sif Muna
Trog
Uskayaw
Vehumet
Wu Jian
Xom
Yredelemnul
Zin
The Shining One

Annotations:
D:4 1 runed translucent door, benappo's ghost, amateur DsAK


Innate Abilities, Weirdness & Mutations

You are immune to sickness and miasma.
Your stone body is resilient. (AC +8)
You are immune to poison.
You resist negative energy. (rN+)
You are resistant to electric shocks. (rElec)
You are resistant to unholy torment.
You are immune to petrification.


Message History

The troll simulacrum bites you but does no damage.
The troll simulacrum claws you but does no damage.
The troll simulacrum claws you. The troll simulacrum freezes you!
* * * LOW HITPOINT WARNING * * *
There is a staircase back to the Dungeon here.
You climb upwards.
Welcome back to the Dungeon!
There is a staircase to the Lair here.
Casting: Stone Arrow (safe; 1% risk of failure)
Confirm with . or Enter, or press ? or * to list all spells.
You can't see any susceptible monsters within range! (Use Z to cast anyway.)
You start resting.
HP restored.
Okay, then.
As you read the scroll of identify, it crumbles to dust.
o - 2 scrolls of immolation
As you read the scroll of identify, it crumbles to dust.
k - a scroll of fog
As you read the scroll of identify, it crumbles to dust.
q - a scroll of magic mapping
As you read the scroll of identify, it crumbles to dust.
s - a scroll of teleportation
As you read the scroll of identify, it crumbles to dust.
t - a scroll of fear
As you read the scroll of identify, it crumbles to dust.
w - a scroll of summoning You start waiting.
Done waiting.
You climb downwards.
Welcome back to the Lair of Beasts!
The troll simulacrum bites you! The troll simulacrum freezes you!
The troll simulacrum claws you! The troll simulacrum freezes you!!
* * * LOW HITPOINT WARNING * * *
The troll simulacrum claws you.
* * * LOW HITPOINT WARNING * * *
The troll simulacrum freezes you!
* * * LOW HITPOINT WARNING * * *
The troll simulacrum bites you.
* * * LOW HITPOINT WARNING * * *
The troll simulacrum freezes you!
You die...
Your body crumbles into a pile of gold.

#..#### .#.##.### #####
###.....########.#.######## ### #
#......##............#P.###P###
###.##P..##.#######.#............
.#.## #..##.P########...#####.##.
#.## ##..##...##..............##.
...###...##.#....Z...............
....Z....((($...@..##............
...##..........PP..##.######.#.#.
#..###..........##....# #.#.##
....##....#.#..##..##.# ##.....
.......#..#.#......##.#####...###
#..#####.......#.####............
...##.......#....## ##.##.##...#.
.#....##.......P.P# ######...##.
#.....###......#..# #......##.


You could see a troll simulacrum.

Vanquished Creatures
  Gastronok (D:8)
  A bog body (Lair:1)
  A rime drake (Lair:1)
  A cane toad (Lair:1)
  2 komodo dragons
  An ice devil (Lair:1)
  A freezing wraith (Lair:1)
  3 polar bears (Lair:1)
  4 blink frogs (Lair:1)
  A wraith (D:7)
  2 wyverns
  A dire elephant simulacrum (Lair:1)
  9 yaks (Lair:1)
  A basilisk (Lair:1)
  2 steam dragons
  A water moccasin (D:7)
  An ice beast (D:6)
  A hornet zombie (D:6)
  3 sky beasts
  2 black bears
  An ogre (D:6)
  A phantom (D:7)
  3 wolves (Lair:1)
  A centaur (D:7)
  5 bullfrogs
  A two-headed ogre simulacrum (Lair:1)
  3 scorpions
  A water moccasin skeleton (D:6)
  8 wights (D:8)
  3 howler monkeys (D:8)
  An electric eel (D:6)
  A centaur zombie (D:8)
  2 bullfrog zombies
  An orc priest (D:4)
  A bullfrog skeleton (D:6)
  A centaur skeleton (D:4)
  A jelly (D:6)
  3 hounds
  3 gnoll shamans
  4 iguanas
  4 orc wizards
  A troll simulacrum (Lair:1)
  A polar bear simulacrum (Lair:1)
  2 killer bee zombies
  16 gnolls
  9 adders
  A shadow imp (D:8)
  3 worms
  2 dart slugs
  9 orcs
  3 ball pythons
  5 endoplasms
  A giant cockroach (D:1)
  4 hobgoblins
  2 jackals (D:2)
  3 bats
  A frilled lizard (D:2)
  5 goblins
  6 kobolds
  7 rats
169 creatures vanquished.

Vanquished Creatures (others)
  4 fungi (Lair:1)
  9 plants
13 creatures vanquished.

Grand Total: 182 creatures vanquished

Notes
Turn   | Place    | Note
-------+----------+-------------------------------------------
     0 | D:1      | Gwenloh the Gargoyle Earth Elementalist began the quest for
                  | the Orb.
     0 | D:1      | Reached XP level 1. HP: 10/10 MP: 3/3
    32 | D:1      | Found a faded altar of an unknown god.
   604 | D:1      | Reached XP level 2. HP: 12/15 MP: 3/5
   607 | D:1      | Learned a level 2 spell: Passwall
   692 | D:1      | Reached skill level 4 in Earth Magic
  1022 | D:2      | Found a stormy altar of Qazlal.
  1385 | D:2      | Reached XP level 3. HP: 11/19 MP: 7/7
  1399 | D:2      | Learned a level 3 spell: Stone Arrow
  1785 | D:2      | Reached XP level 4. HP: 12/24 MP: 5/8
  1991 | D:1      | Reached skill level 1 in Conjurations
  2471 | D:2      | Reached skill level 5 in Earth Magic
  3201 | D:2      | Reached XP level 5. HP: 27/28 MP: 2/9
  4253 | D:3      | Reached skill level 6 in Earth Magic
  4491 | D:4      | Reached XP level 6. HP: 23/32 MP: 6/11
  5207 | D:4      | Found a runed translucent door.
  5213 | D:4      | Noticed benappo's ghost (amateur DsAK)
  5842 | D:5      | Entered Level 5 of the Dungeon
  5848 | D:5      | Reached skill level 7 in Earth Magic
  5848 | D:5      | Reached XP level 7. HP: 36/36 MP: 8/13
  5936 | D:5      | Identified the +12 whip of the Orange Skies {pain, rN+++
                  | Will- Str+5}
  6818 | D:5      | Identified the +4 short sword of Itusuz Wischi {vorpal,
                  | Int+6}
  7299 | D:6      | Reached skill level 8 in Earth Magic
  7327 | D:6      | Noticed a steam dragon
  7373 | D:6      | Killed a steam dragon
  7374 | D:6      | Reached XP level 8. HP: 41/41 MP: 1/15
  7764 | D:6      | Reached skill level 5 in Spellcasting
  7764 | D:6      | Reached skill level 9 in Earth Magic
  8126 | D:6      | Reached skill level 5 in Conjurations
  9000 | D:7      | Reached skill level 10 in Earth Magic
  9000 | D:7      | Reached XP level 9. HP: 44/45 MP: 10/17
  9309 | D:7      | Found a staircase to the Ecumenical Temple.
  9465 | Temple   | Entered the Ecumenical Temple
  9731 | Temple   | Became a worshipper of Gozag Ym Sagoz the Greedy
 10156 | D:7      | Reached skill level 11 in Earth Magic
 11136 | D:8      | Found a staircase to the Lair.
 11136 | D:8      | Noticed a komodo dragon
 11143 | D:8      | Killed a komodo dragon
 11412 | D:8      | Noticed Gastronok
 11768 | D:8      | Reached skill level 12 in Earth Magic
 11879 | D:8      | Reached XP level 10. HP: 45/50 MP: 13/20
 12030 | D:8      | Killed Gastronok
 12658 | Lair:1   | Entered Level 1 of the Lair of Beasts
 12661 | Lair:1   | Reached skill level 13 in Earth Magic
 12707 | Lair:1   | Learned a level 4 spell: Petrify
 12857 | Lair:1   | Reached skill level 1 in Fighting
 12857 | Lair:1   | Reached skill level 1 in Armour
 13465 | Lair:1   | Noticed a cane toad
 13468 | Lair:1   | Killed a cane toad
 13562 | Lair:1   | Reached XP level 11. HP: 55/60 MP: 19/22
 14656 | Lair:1   | Reached skill level 14 in Earth Magic
 14854 | Lair:1   | Noticed a bog body
 14859 | Lair:1   | Killed a bog body
 14904 | Lair:1   | Reached skill level 5 in Armour
 14935 | Lair:1   | Reached skill level 5 in Fighting
 15618 | Lair:1   | Slain by a troll simulacrum

Illustrated notes

Levels and vault maps discovered:
D:1:      lightli_iron_boxes, layout_basic, dreamdust_ecumenical_altar_grove,
          due_unseen_surprise
D:2:      layout_basic, basic_altar
D:3:      layout_rooms, kennysheep_generic_room_9
D:4:      layout_basic, ebering_ghost_sewer_d
D:5:      layout_basic
D:6:      layout_layer_cave, serial_bayou_ford_a
D:7:      minmay_chambers_of_sixes, layout_layer_cave, minmay_temple_entry_glass
D:8:      layout_layer_cave, david_lair_shrubbed, uniq_gastronok
Temple:   mainiacjoe_temple_hex_bubbles
Lair:1:   dreamdust_isle_of_ice, layout_loops_ring

Skill      XL: |  1  2  3  4  5  6  7  8  9 10 11 |
---------------+----------------------------------+-----
Earth Magic    | 4 5 6 7 8 10 12 13 14 | 14.2
Spellcasting   | 3 4 5 6 7 8 |  8.6
Conjurations   | 1 2 3 4 5 7 |  7.9
Fighting       | 3 5 |  5.1
Armour         | 3 5 |  5.1
Dodging        | |  1.5
Stealth        | |  2.1
Transmutations | |  0.7

Action                   |  1- 3 |  4- 6 |  7- 9 | 10-12 || total
-------------------------+-------+-------+-------+-------++-------
Melee: Dagger            |    69 |       |       |       ||    69
       Rapier            |    26 |    81 |       |       ||   107
       Whip              |       |       |    46 |    62 ||   108
 Fire: Longbow           |       |       |    31 |    49 ||    80
 Cast: Sandblast         |    14 |    16 |     1 |     8 ||    39
       Stone Arrow       |     1 |    28 |    90 |    68 ||   187
       Petrify           |       |       |       |     2 ||     2
  Use: Scroll            |       |     3 |       |     6 ||     9
 Stab: Sleeping          |     1 |     4 |       |       ||     5
Armor: Robe              |    29 |    30 |    20 |    32 ||   111
Dodge: Dodged            |    59 |    60 |    29 |    50 ||   198

Table legend: (Time is in decaauts)
 A = Elapsed time spent in this place.
 B = Non-inter-level travel time spent in this place.
 C = Inter-level travel time spent in this place.
 D = Time resting spent in this place.
 E = Time spent auto-exploring this place.
 F = Levels seen in this place.
 G = Mean time per level.
                   A        B        C        D        E       F      G
               +--------+--------+--------+--------+--------+-----+--------+
         Total |  15715 |  14844 |    871 |   2661 |  10256 |  10 | 1571.5 |
       Dungeon |  13706 |  12897 |    809 |   2495 |   8994 |   8 | 1713.2 |
        Temple |    293 |    232 |     61 |      0 |    230 |   1 |  293.0 |
          Lair |   1714 |   1714 |      0 |    165 |   1032 |   1 | 1714.0 |
               +--------+--------+--------+--------+--------+-----+--------+

Top non-repeatable levels by time:
     D:8: 2537 daAuts
     D:6: 2145 daAuts
     D:7: 1966 daAuts
     D:2: 1791 daAuts
  Lair:1: 1714 daAuts
     D:4: 1707 daAuts
     D:1: 1531 daAuts
     D:5: 1108 daAuts
     D:3: 917 daAuts
  Temple: 293 daAuts
